 Dungeon Crawl Stone Soup version 0.30.1-5-ged363bc7ee (webtiles) character file.

Game seed: 12022297544034535784

247 Arctor the Ruffian (level 5, -10/63 HPs)
             Began as a Draconian Transmuter on Sept 19, 2023.
             Mangled by Duvessa
             ... wielding a +0 rapier
              (13 damage)
             ... on level 4 of the Dungeon.
             The game lasted 00:04:08 (2087 turns).

Arctor the Ruffian (Draconian Transmuter)           Turns: 2087, Time: 00:04:09

Health: -10/63     AC: 22    Str: 15    XL:     5   Next: 85%
Magic:  3/9        EV:  2    Int: 15    God:
Gold:   198        SH:  5    Dex: 19    Spells: 6/10 levels left

rFire   . . .        b - +3 sling of Plunder {flame, Str+2 Dex+2}
rCold   . . .        l - +1 buckler
rNeg    . . .        (body armour unavailable)
rPois   +            (helmet currently unavailable)
rElec   .            (cloak currently unavailable)
rCorr   .            (gloves currently unavailable)
SInv    .            (boots currently unavailable)
Will    .....        n - amulet of faith
Stlth   +            j - +6 ring of dexterity
HPRegen 0.30/turn    (no ring)
MPRegen 0.11/turn

%: faith
@: tree-form, contaminated, glowing
A: stationary, stasis, torment immunity, boosted hp, AC +5, unfitting armour,
(cold-blooded)
a: no special abilities


You were on level 4 of the Dungeon.
You were a tree.
You visited 1 branch of the dungeon, and saw 4 of its levels.

You collected 198 gold pieces.

Inventory:

Hand Weapons
 a - a +3 dagger
 b - the +3 sling of Plunder (weapon) {flame, Str+2 Dex+2}
   (You found it on level 2 of the Dungeon)

   Str:       It affects your strength (+2).
   Dex:       It affects your dexterity (+2).
 c - a +2 sling of draining
Armour
 l - a +1 buckler (worn)
Jewellery
 j - a +6 ring of dexterity (left branch)
 k - a ring of protection from fire
 m - a ring of ice
 n - an amulet of faith (around neck)
Scrolls
 e - a scroll of vulnerability
 h - 2 scrolls of fog
 i - a scroll of silence
Potions
 d - a potion of ambrosia {unknown}
 f - a potion of magic {unknown}
 o - a potion of brilliance {unknown}
 p - a potion of attraction {unknown}
 q - a potion of lignification
 r - a potion of might {unknown}


   Skills:
 + Level 2.7 Fighting
 + Level 2.0 Ranged Weapons
 - Level 2.2 Dodging
 + Level 3.9 Unarmed Combat
 + Level 3.1 Spellcasting
 + Level 3.1 Transmutations


You had 6 spell levels left.
You knew the following spells:

 Your Spells              Type           Power      Damage    Failure   Level
a - Beastly Appendage     Tmut           22%        N/A       8%          1
b - Spider Form           Tmut/Pois      7%         N/A       38%         3

Your spell library contained the following spells:

 Spells                   Type           Power      Damage    Failure   Level
 Wereblood                Tmut           11%        N/A       12%         2
 Foxfire                  Conj/Fire      8%         2x1d4     26%         1
 Dazzling Flash           Conj/Hex       4%         N/A       63%         3
 Portal Projectile        Hex/Tloc       4%         N/A       63%         3
 Summon Guardian Golem    Hex/Summ       2%         N/A       63%         3
 Tukima's Dance           Hex            2%         N/A       63%         3
 Ice Form                 Ice/Tmut       7%         N/A       80%         4
 Blade Hands              Tmut           5%         N/A       91%         5
 Agony                    Necr           2%         N/A       100%        5
 Fireball                 Conj/Fire      1%         3d3       100%        5
 Silence                  Hex/Air        1%         N/A       100%        5
 Plasma Beam              Fire/Air       1%         2x1d12    100%        6
 Simulacrum               Ice/Necr       1%         N/A       100%        6
 Starburst                Conj/Fire      1%         6d3       100%        6
 Orb of Destruction       Conj           1%         9d5       100%        7
 Ozocubu's Refrigeration  Ice            1%         4d7       100%        7
 Spellforged Servitor     Conj/Summ      1%         N/A       100%        7
 Polar Vortex             Ice            1%         N/A       100%        9


Dungeon Overview and Level Annotations

Branches:
Dungeon (4/15)
 Temple: D:4-7

Altars:
Elyvilon
Zin

Annotations:
D:4 Duvessa


Innate Abilities, Weirdness & Mutations

You are a tree.
Your roots penetrate the ground, keeping you stationary.
You cannot be teleported.
You are immune to unholy pain and torment.
Your maximum health is greatly increased.
Your equipment is partially melded.
((Your plain brown scales are hard. (AC +5)))
You cannot fit into any form of body armour.
((You are cold-blooded and may be slowed by cold attacks.))


Message History

Duvessa barely misses you.
You hear a shout!
Casting: Beastly Appendage (safe; 8% risk of failure)
Confirm with . or Enter, or press ? or * to list all spells.
The spell is quite dangerous to miscast (38% risk of failure)!
Continue anyway?
You miscast Spider Form.
You are very lightly contaminated with residual magic.
You feel a strange surge of energy. You block Duvessa's attack.
Casting: Spider Form (quite dangerous; 38% risk of failure)
Confirm with . or Enter, or press ? or * to list all spells.
The spell is quite dangerous to miscast (38% risk of failure)!
Continue anyway?
You miscast Spider Form.
You are lightly contaminated with residual magic.
You feel a strange surge of energy.
You are contaminated with residual magic.
Duvessa hits you with a +0 rapier!
A goblin comes into view. It is wielding a +0 club.
Duvessa hits you with a +0 rapier!
Casting: Spider Form (quite dangerous; 38% risk of failure)
Confirm with . or Enter, or press ? or * to list all spells.
You don't know that spell.
There are monsters nearby!
As you read the scroll of fear, it crumbles to dust.
You assume a fearsome visage.
Duvessa is unaffected.
The goblin looks frightened!
Duvessa hits you with a +0 rapier!
* * * LOW HITPOINT WARNING * * *
Unknown command.
Okay, then.
Okay, then.
Okay, then.
Casting: Spider Form (quite dangerous; 38% risk of failure)
Confirm with . or Enter, or press ? or * to list all spells.
Okay, then.
Okay, then.
Really quaff the potion of lignification?
You turn into a tree.
Your roots penetrate the ground.
Duvessa hits you with a +0 rapier!
* * * LOW HITPOINT WARNING * * *
Duvessa hits you with a +0 rapier!
You die...

#......# ##...... .#
#....... ..# .....
....... ###.# .... . †.
#....# #....###... ..
...#..#.###.) #.....#...
......e.##..###....##...
....)..♣.##..#..........
.#.......#.....##.[.....
##.....................
##.#...#..............
#######..............
#........#......
#........##.....
.....#.........##
....<#......#....


You could see Duvessa (berserk).

Vanquished Creatures
  Dowan (D:4)
  A jelly (D:4)
  An iguana (D:3)
  An orc wizard (D:3)
  Terence (D:2)
  An adder (D:2)
  A worm (D:3)
  4 dart slugs
  9 orcs
  3 endoplasms
  2 giant cockroaches
  7 goblins
  5 hobgoblins
  10 jackals
  4 kobolds
  A quokka (D:2)
  5 ball pythons
  2 bats
  2 frilled lizards (D:1)
  6 rats
67 creatures vanquished.

Notes
Turn   | Place    | Note
-------+----------+-------------------------------------------
     0 | D:1      | Arctor the Draconian Transmuter began the quest for the
                  | Orb.
     0 | D:1      | Reached XP level 1. HP: 16/16 MP: 3/3
   236 | D:1      | Reached XP level 2. HP: 23/23 MP: 5/5
   702 | D:2      | Reached XP level 3. HP: 28/28 MP: 6/6
  1138 | D:2      | Noticed Terence
  1153 | D:2      | Killed Terence
  1154 | D:2      | Reached skill level 1 in Ranged Weapons
  1154 | D:2      | Reached XP level 4. HP: 22/36 MP: 7/7
  1240 | D:2      | Identified the +3 sling of Plunder {flame, Str+2 Dex+2}
  1423 | D:3      | Learned a level 3 spell: Spider Form
  1459 | D:3      | Reached XP level 5. HP: 33/41 MP: 9/9
  1588 | D:3      | Found a glowing silver altar of Zin.
  1919 | D:3      | Found a white marble altar of Elyvilon.
  2075 | D:4      | Noticed Dowan
  2078 | D:4      | Noticed Duvessa
  2082 | D:4      | Killed Dowan
  2087 | D:4      | HP: 3/63 [Duvessa/+0 rapier (7)]
  2087 | D:4      | Mangled by Duvessa

Illustrated notes

Levels and vault maps discovered:
D:1:      psy_arrival_dodecagon, layout_loops_ring
D:2:      layout_loops_ring, uniq_terence
D:3:      layout_rooms, mainiacjoe_overflow_boulevard, zin_statuary
D:4:      layout_cave_pools, gammafunk_temple_overflow_claw, serial_park,
          serial_park_tiny_2, serial_park_gazebo [serial_park_minivault_5x5_1],
          serial_park_tiny_1, uniq_natasha, uniq_duvessa

Skill      XL: |  1  2  3  4  5 |
---------------+----------------+-----
Dodging        | 2 |  2.2
Ranged Weapons | 1 2 |  2.0
Fighting       | 2 |  2.7
Transmutations | 3 |  3.1
Spellcasting   | 3 |  3.1
Unarmed Combat | |  3.9

Action                     |  1- 3 |  4- 6 || total
---------------------------+-------+-------++-------
  Melee: Unarmed           |    12 |       ||    12
         Kick              |     2 |       ||     2
   Fire: Sling             |    59 |    93 ||   152
   Cast: Beastly Appendage |     6 |       ||     6
    Use: Scroll            |     2 |     6 ||     8
         Potion            |       |     1 ||     1
 Armour: Skin              |     7 |     8 ||    15
  Dodge: Dodged            |    29 |    27 ||    56
  Block: Buckler           |     1 |     7 ||     8
